 Dungeon Crawl Stone Soup version 0.29-a0-414-g5075937ec3 (webtiles) character file.

Game seed: 6541620275856092439

10708 Bruhh the Fighter (level 11, -1/107 (120) HPs)
             Began as an Ogre Transmuter on May 15, 2022.
             Was a High Priest of Okawaru.
             Slain by a spectral orc warrior
             ... wielding a +0 trident
             ... summoned by Nergalle
              (2 damage)
             ... on level 11 of the Dungeon.
             The game lasted 00:22:55 (12845 turns).

Bruhh the Fighter (Ogre Transmuter)                Turns: 12845, Time: 00:22:55

HP:   -1/107 (120)  AC:  6    Str: 22    XL:     11   Next: 66%
MP:   0/20          EV: 10    Int: 18    God:    Okawaru [*****.]
Gold: 609           SH:  0    Dex: 11    Spells: 9/22 levels left

rFire   . . .      SeeInvis .     - Unarmed
rCold   . . .      Faith    .   (shield currently unavailable)
rNeg    . . .      Spirit   +   n - +1 troll leather armour
rPois   +          Reflect  .   (helmet restricted)
rElec   +          Harm     .   g - scarf {repulsion}
rCorr   +          Rampage  .   (gloves unavailable)
Will    ++...                   (boots unavailable)
Stlth   +.........              r - amulet of guardian spirit
HPRegen 1.87/turn               E - ring of Yendor {rElec rPois Will+ rCorr Dex+2}
MPRegen 0.17/turn               y - +6 ring of strength

@: blade hands, very slightly contaminated, heavily drained, repel missiles
A: large, unfitting armour, tough skin 1, regeneration 1
a: End Transformation, Renounce Religion, Heroism, Finesse, Duel


You were on level 11 of the Dungeon.
You worshipped Okawaru.
Okawaru was extremely pleased with you.
You had blades for hands.
You visited 2 branches of the dungeon, and saw 12 of its levels.

You collected 609 gold pieces.

Inventory:

Missiles
 c - 3 throwing nets
 u - 42 poisoned darts
Armour
 a - a +0 robe
 g - a scarf of repulsion (worn)
 i - a +0 cloak
 n - a +1 troll leather armour (worn)
Jewellery
 b - a +4 ring of protection
 j - a +6 ring of strength
 m - a ring of see invisible
 r - an amulet of guardian spirit (around neck)
 y - a +6 ring of strength (right blade hand)
 E - the ring of Yendor (left blade hand) {rElec rPois Will+ rCorr Dex+2}
   (You found it on level 8 of the Dungeon)

   [ring of willpower]

   Dex:       It affects your dexterity (+2).
   rElec:     It insulates you from electricity.
   rPois:     It protects you from poison.
   rCorr:     It protects you from acid and corrosion.
   Will:      It increases your willpower.
 H - a ring of flight
Wands
 v - a wand of iceblast (18)
Scrolls
 d - a scroll of enchant weapon
 e - 6 scrolls of teleportation
 f - 6 scrolls of amnesia
 o - 2 scrolls of vulnerability
 q - a scroll of fog
 s - 2 scrolls of poison
 t - 3 scrolls of magic mapping
 w - a scroll of immolation
 x - a scroll of torment
 A - a scroll of noise
Potions
 l - a potion of invisibility
 p - a potion of might
 z - a potion of magic {unknown}
 C - 2 potions of brilliance
 I - a potion of flight {unknown}


   Skills:
 - Level 11.0 Fighting
 - Level 2.3 Dodging
 + Level 10.1 Unarmed Combat
 - Level 6.0 Spellcasting
 + Level 9.4 Transmutations
 - Level 4.0 Ice Magic
 + Level 0.0 Invocations


You had 9 spell levels left.
You knew the following spells:

 Your Spells              Type           Power      Damage    Failure   Level
a - Beastly Appendage     Tmut           78%        N/A       10%         1
b - Spider Form           Tmut/Pois      22%        N/A       36%         3
c - Ice Form              Ice/Tmut       29%        N/A       43%         4
d - Blade Hands           Tmut           19%        N/A       41%         5

Your spell library contained the following spells:

 Spells                   Type           Power      Damage    Failure   Level
 Wereblood                Tmut           39%        N/A       11%         2
 Magic Dart               Conj           20%        1d4       54%         1
 Searing Ray              Conj           10%        2d4       63%         2
 Dazzling Flash           Conj/Hex       10%        N/A       80%         3
 Fulminant Prism          Conj/Hex       2%         3d6       98%         4
 Iskenderun's Mystic Bla  Conj/Tloc      5%         2d3       98%         4
 Leda's Liquefaction      Hex/Erth       2%         N/A       98%         4
 Fireball                 Conj/Fire      2%         3d4       100%        5
 Iskenderun's Battlesphe  Conj           5%         2d6       100%        5
 Lee's Rapid Deconstruct  Erth           2%         3d6*      100%        5
 Conjure Ball Lightning   Conj/Air       2%         3x3d6     100%        6
 Iron Shot                Conj/Erth      2%         9d2       100%        6
 Starburst                Conj/Fire      2%         6d3       100%        6
 Statue Form              Tmut/Erth      14%        N/A       100%        6
 Orb of Destruction       Conj           2%         9d5       100%        7
 Animate Armour           Summ/Erth      Unusable   N/A       N/A         4

Dungeon Overview and Level Annotations

Branches:
Dungeon (11/15)            Temple (1/1) D:6            Lair (0/6) D:11
    Orc: D:9-12

Altars:
Ashenzari
Dithmenos
Elyvilon
Fedhas
Gozag
Hepliaklqana
Kikubaaqudgha
Makhleb
Nemelex Xobeh
Okawaru
Qazlal
Sif Muna
Trog
Uskayaw
Wu Jian
Xom
Yredelemnul
The Shining One

Shops:
D:1 ?   D:2 *[   D:3 [

Annotations:
D:11 Nergalle


Innate Abilities, Weirdness & Mutations

You have blades for hands.
Your spellcasting is less reliable in this form.
You are incapable of wielding weapons or throwing items.
You are too large for most types of armour.
You have tough skin. (AC +1)
Your natural rate of healing is unusually fast.


Message History

You are very lightly contaminated with residual magic.
Strange energies run through your body.
You are lightly contaminated with residual magic.
Nergalle gestures at you while chanting.
Orcish apparitions take form around you.
Nergalle points at you and mumbles some strange words.
Orcish apparitions take form around you.
The spectral orc knight hits you with a +0 great mace!!
The spectral orc warrior hits you with a +0 glaive!
You feel drained.
The spectral orc knight attacks as you move away!
The spectral orc knight hits you with a +0 great mace!
The spectral orc warrior hits you from afar with a +0 glaive!
You feel drained.
You hit Nergalle.
Nergalle is lightly wounded.
Nergalle grimaces horribly.
Nergalle hits you with a +2 dagger of speed.
Nergalle casts a spell at you.
Orcish apparitions take form around you.
You slice Nergalle!!
Nergalle is heavily wounded.
The spectral orc warrior hits you from afar with a +0 glaive!
* * * LOW HITPOINT WARNING * * *
The spectral orc warrior hits you from afar with a +0 trident!
* * * LOW HITPOINT WARNING * * *
You feel drained.
* * * LOW HITPOINT WARNING * * *
The spectral orc knight hits you with a +0 great mace!
* * * LOW HITPOINT WARNING * * *
Okay, then.
You slice Nergalle!!
Nergalle is almost dead.
Nergalle hits you with a +2 dagger of speed.
* * * LOW HITPOINT WARNING * * *
The spectral orc knight hits you with a +0 great mace.
* * * LOW HITPOINT WARNING * * *
You feel drained.
The spectral orc warrior hits you from afar with a +0 trident.
You die...

...P........#.....#
..P..##.....#...[.#.....
....###.....#.....#.....
..#####...#.#######.....
. #.....#.............
#.....#.............
#.....#.............
#.....#.....Z.......
#.....#....Z@o......
#######....Z.#######
..^........ZZ......
...................
.........[.........
...................
..########....#.... .
.....#.... .....# ...


You could see Nergalle, 2 spectral orc warriors and 3 spectral orc knights.

Vanquished Creatures
  Erica (D:8)
  A cyclops (D:11)
  Joseph (D:7)
  3 gargoyles
  3 trolls
  5 slime creatures (D:11)
  A shadow (D:10)
  2 wyverns
  Sigmund (D:3)
  7 yaks
  2 steam dragons
  An acid dragon (D:11)
  3 water moccasins
  4 orc warriors
  A sky beast (D:8)
  An ice beast (D:6)
  2 black bears
  2 ogres
  4 phantoms
  6 centaurs
  6 kobold brigands
  A necrophage (D:5)
  2 bullfrogs
  A scorpion (D:7)
  3 gnoll sergeants
  7 wights
  17 killer bees
  7 howler monkeys
  A jelly (D:5)
  4 hounds
  5 orc priests
  11 orc wizards
  2 iguanas
  9 gnolls
  2 adders
  A shadow imp (D:6)
  3 white imps
  A worm (D:2)
  5 dart slugs
  28 orcs
  3 bats
  5 endoplasms
  5 giant cockroaches
  9 goblins
  11 hobgoblins
  4 jackals
  23 kobolds
  6 quokkas
  6 ball pythons
  2 frilled lizards
  6 rats
247 creatures vanquished.

Notes
Turn   | Place    | Note
-------+----------+-------------------------------------------
     0 | D:1      | Bruhh the Ogre Transmuter began the quest for the Orb.
     0 | D:1      | Reached XP level 1. HP: 19/19 MP: 3/3
   201 | D:1      | Reached XP level 2. HP: 18/27 MP: 3/5
   414 | D:1      | Found a faded altar of an unknown god.
   508 | D:1      | Found Oloxt's Magic Scroll Boutique.
   990 | D:1      | Reached XP level 3. HP: 28/33 MP: 4/6
  1559 | D:2      | Found Cashek's Armour Emporium.
  1675 | D:2      | Found Icom Laa's General Store.
  1717 | D:2      | Learned a level 3 spell: Spider Form
  2021 | D:2      | Reached XP level 4. HP: 41/41 MP: 5/7
  2683 | D:3      | Found Fobbajun's Antique Armour Emporium.
  2770 | D:3      | Noticed a centaur
  2785 | D:3      | Killed a centaur
  2786 | D:3      | Reached XP level 5. HP: 34/48 MP: 8/8
  2977 | D:3      | Noticed Sigmund
  2997 | D:4      | Noticed an ogre
  3005 | D:4      | Killed an ogre
  3006 | D:4      | Reached XP level 6. HP: 55/55 MP: 5/9
  3048 | D:3      | Killed Sigmund
  3049 | D:3      | Reached skill level 5 in Unarmed Combat
  3908 | D:3      | Found an ornate altar of the Wu Jian Council.
  4053 | D:3      | Found a basalt altar of Yredelemnul.
  4055 | D:3      | Noticed a profane servitor
  4085 | D:3      | Found a glowing golden altar of the Shining One.
  4088 | D:3      | Noticed an angel
  4292 | D:4      | Noticed an orc warrior
  4301 | D:4      | Reached XP level 7. HP: 43/62 MP: 6/10
  4307 | D:4      | Reached skill level 5 in Transmutations
  5049 | D:4      | Reached skill level 2 in Fighting
  5501 | D:5      | Entered Level 5 of the Dungeon
  5802 | D:5      | Reached skill level 3 in Fighting
  5929 | D:5      | Reached skill level 4 in Fighting
  5929 | D:5      | Reached XP level 8. HP: 69/78 MP: 10/13
  6275 | D:5      | Reached skill level 5 in Fighting
  6622 | D:6      | Reached skill level 6 in Fighting
  6715 | D:6      | Found a staircase to the Ecumenical Temple.
  6728 | Temple   | Entered the Ecumenical Temple
  6752 | Temple   | Became a worshipper of Warmaster Okawaru
  6783 | D:6      | Reached skill level 1 in Ice Magic
  6800 | D:6      | HP: 2/83 [water moccasin (8)]
  7007 | D:6      | Noticed a troll
  7010 | D:6      | Gained mutation: You are weak. (Str -2) [potion of
                  | mutation]
  7010 | D:6      | Gained mutation: You are partially covered in iridescent
                  | scales. (AC +2) [potion of mutation]
  7024 | D:6      | Killed a troll
  7024 | D:6      | Reached * piety under Okawaru
  7340 | D:6      | Reached XP level 9. HP: 77/89 MP: 11/15
  7481 | D:6      | Found a broken altar of Ashenzari.
  7637 | D:6      | Learned a level 4 spell: Ice Form
  7816 | D:7      | Reached ** piety under Okawaru
  7960 | D:7      | Found an ancient bone altar of Kikubaaqudgha.
  7961 | D:7      | Lost mutation: You are weak. (Str -2) [potion of mutation]
  7961 | D:7      | Lost mutation: You are partially covered in iridescent
                  | scales. (AC +2) [potion of mutation]
  7961 | D:7      | Gained mutation: Your natural rate of healing is unusually
                  | fast. [potion of mutation]
  8351 | D:7      | Noticed Joseph
  8370 | D:7      | Killed Joseph
  8370 | D:7      | Reached *** piety under Okawaru
  8473 | D:7      | Found a hide-covered altar of Uskayaw.
  8486 | D:7      | Reached XP level 10. HP: 98/98 MP: 13/16
  8731 | D:8      | Noticed Erica
  8793 | D:8      | Killed Erica
  9416 | D:8      | Identified the ring of Yendor {rElec rPois Will+ rCorr
                  | Dex+2}
  9779 | D:9      | Reached **** piety under Okawaru
 10008 | D:9      | Found a shadowy altar of Dithmenos.
 10204 | D:9      | Found a burning altar of Makhleb.
 10205 | D:9      | Found an opulent altar of Gozag.
 10205 | D:9      | Found a sparkling altar of Nemelex Xobeh.
 10206 | D:9      | Found a bloodstained altar of Trog.
 10240 | D:9      | Reached skill level 7 in Fighting
 10240 | D:9      | Reached skill level 5 in Spellcasting
 10521 | D:9      | Found a white marble altar of Elyvilon.
 10981 | D:10     | Entered Level 10 of the Dungeon
 11039 | D:10     | Reached skill level 8 in Fighting
 11039 | D:10     | Reached skill level 10 in Unarmed Combat
 11047 | D:10     | Reached ***** piety under Okawaru
 11048 | D:10     | Reached XP level 11. HP: 105/113 MP: 15/20
 11056 | D:10     | Learned a level 5 spell: Blade Hands
 11104 | D:10     | Reached skill level 9 in Fighting
 11609 | D:10     | Got the Compendium of Clay
 12094 | D:11     | Reached skill level 10 in Fighting
 12102 | D:11     | Noticed a cyclops
 12107 | D:11     | HP: 5/117 [slime creature (16)]
 12111 | D:11     | Killed a cyclops
 12612 | D:11     | Reached skill level 11 in Fighting
 12674 | D:11     | Found a staircase to the Lair.
 12836 | D:11     | Noticed Nergalle
 12844 | D:11     | HP: 5/109 [spectral orc knight/+0 great mace[Nergalle]
                  | (14)]
 12845 | D:11     | HP: 1/109 [spectral orc knight/+0 great mace[Nergalle] (3)]
 12845 | D:11     | Slain by a spectral orc warrior

Illustrated notes

Levels and vault maps discovered:
D:1:      eino_arrival_water_cross, layout_basic, serial_shops,
          nicolae_shop_hallway_plus, ebering_ecumenical_altar_petrified,
          hangedman_abyss_or_decor_lesser_grid, minmay_misc_feat_doors
D:2:      layout_basic, serial_shops,
          nicolae_shop_temple_entry_statues_fountains, nicolae_shop_stone,
          minmay_quadrilaterals
D:3:      layout_loops_corners, grunt_temple_overflow_holy_war,
          nicolae_wu_jian_immortal_techniques, serial_shops,
          nicolae_shop_waterfront, uniq_sigmund
D:4:      layout_loops_cross, nicolae_overflow_hidden_temple,
          minmay_misc_feat_secret_circle, guppyfry_early_orc_mine
D:5:      layout_rooms, enter_ossuary_5
D:6:      layout_rooms, mainiacjoe_overflow_brackets,
          minmay_temple_entry_stoned_glass
D:7:      layout_gridville, nicolae_overflow_crystal_walls,
          mainiacjoe_overflow_paths, uniq_joseph
D:8:      layout_basic, uniq_erica
D:9:      layout_basic, nicolae_dithmenos_the_darkroom, lemuel_round_altar,
          chequers_temple_overflow_statue_of_worship, minmay_misc_feat_iff,
          minmay_unpleasant_kobolds
D:10:     layout_basic
D:11:     layout_grid_maze, david_lair_generic, hellmonk_scale_shop,
          uniq_nergalle
Temple:   compressed_dpeg_triangle_lava_temple

Skill      XL: |  1  2  3  4  5  6  7  8  9 10 11 |
---------------+----------------------------------+-----
Transmutations | 2 3 4 5 6 8 9 |  9.4
Unarmed Combat | 3 4 5 6 8 10 | 10.1
Fighting       | 4 6 8 11 | 11.0
Spellcasting   | 3 4 6 |  6.0
Ice Magic      | 3 4 |  4.0
Dodging        | 2 |  2.3

Action                   |  1- 3 |  4- 6 |  7- 9 | 10-12 || total
-------------------------+-------+-------+-------+-------++-------
Melee: Unarmed           |   115 |   100 |   334 |   278 ||   827
       Kick              |    24 |     8 |       |       ||    32
       Headbutt          |     7 |     3 |       |       ||    10
       Punch             |     1 |     1 |     3 |     5 ||    10
 Cast: Beastly Appendage |    25 |    15 |     1 |       ||    41
       Spider Form       |       |     9 |    31 |     6 ||    46
       Ice Form          |       |       |     4 |    10 ||    14
       Blade Hands       |       |       |       |    10 ||    10
Invok: Heroism           |       |       |       |     1 ||     1
  Use: Potion            |       |     2 |    12 |     7 ||    21
       Scroll            |       |       |       |    14 ||    14
Armor: Robe              |    29 |    15 |    12 |       ||    56
       Skin              |       |    29 |    38 |    70 ||   137
       Troll leather arm |       |       |    15 |    48 ||    63
Dodge: Dodged            |    46 |    56 |   309 |   159 ||   570
       Repelled          |       |       |       |     1 ||     1

Table legend: (Time is in decaauts)
 A = Elapsed time spent in this place.
 B = Non-inter-level travel time spent in this place.
 C = Inter-level travel time spent in this place.
 D = Time resting spent in this place.
 E = Time spent auto-exploring this place.
 F = Levels seen in this place.
 G = Mean time per level.
                   A        B        C        D        E       F      G
               +--------+--------+--------+--------+--------+-----+--------+
         Total |  12777 |  12526 |    251 |    503 |  10141 |  12 | 1064.8 |
       Dungeon |  12741 |  12490 |    251 |    503 |  10131 |  11 | 1158.3 |
        Temple |     36 |     36 |      0 |      0 |     10 |   1 |   36.0 |
               +--------+--------+--------+--------+--------+-----+--------+

Top non-repeatable levels by time:
     D:2: 1461 daAuts
     D:3: 1442 daAuts
    D:10: 1410 daAuts
     D:4: 1379 daAuts
     D:9: 1238 daAuts
     D:1: 1195 daAuts
     D:6: 1164 daAuts
     D:5: 1088 daAuts
     D:8: 971 daAuts
     D:7: 950 daAuts
    D:11: 438 daAuts
  Temple: 36 daAuts
